[ AOE2 MATCH · #505249802 ]
UnrankedPoles vs Goths
Player's team · LOSS
Rival team · WIN
[ REPLAY ANALYSIS · EXTRACTED FROM THE RECORDED GAME ]
Feudal
9:59
Castle
27:54
Imperial
—
| APM avg | 45.1 |
| APM peak | 78 |
| eAPM avg | 23.8 |
| Villagers / military | 45 / 12 |
Focus
⚔️ 41.7% · 🌾 58.3%
Scout Cavalry ×8 · Militia ×4
Feudal
9:02
Castle
24:48
Imperial
—
| APM avg | 30.8 |
| APM peak | 72 |
| eAPM avg | 20.6 |
| Villagers / military | 49 / 30 |
Focus
⚔️ 41.2% · 🌾 58.8%
Militia ×20 · Spearman ×6 · Archer ×3 · Mangonel ×1
Match map
Initial resources + every placement click. Lines = walls · curves = elevation contours. ◆ gold · ⬟ stone · ● berries · ✦ relic · ◌ wall gap
Your base· Open — unwalled flank
Tim_Boww's base· Open — 9t gap
Smoothed initial terrain · ◌ = detected wall gap · hover for details
Inputs per minute
— Jaco - - Tim_Boww
Build order — Jaco
142 actions detected in the replay
| 0:00 | Create | Villager (Male) |
| 0:01 | Create | Villager (Male) |
| 0:01 | Create | Villager (Male) |
| 0:02 | Build | House |
| 0:04 | Build | House |
| 0:09 | Create | Villager (Male) |
| 1:33 | Create | Villager (Male) |
| 2:04 | Create | Villager (Male) |
| 2:16 | Create | Villager (Male) |
| 2:23 | Build | Lumber Camp |
| 2:37 | Create | Villager (Male) |
| 3:12 | Create | Villager (Male) |
| 3:39 | Create | Villager (Male) |
| 3:59 | Build | House |
| 4:03 | Create | Villager (Male) |
| 4:30 | Build | Mill |
| 4:44 | Build | Mill |
| 4:47 | Create | Villager (Male) |
| 4:48 | Create | Villager (Male) |
| 4:50 | Create | Villager (Male) |
| 5:45 | Create | Villager (Male) |
| 6:17 | Create | Villager (Male) |
| 6:33 | Build | Barracks |
| 6:55 | Build | Mining Camp |
| 6:59 | Create | Villager (Male) |
| 7:00 | Research | Loom |
| 7:43 | Research | Feudal Age |
| 7:43 | Research | Feudal Age |
| 8:15 | Create | Militia |
| 8:15 | Create | Militia |
| 8:16 | Create | Militia |
| 8:37 | Create | Militia |
| 8:51 | Build | House |
| 9:07 | Build | Palisade Wall |
| 9:10 | Build | Palisade Wall |
| 9:10 | Build | Palisade Wall |
| 9:31 | Create | Villager (Male) |
| 9:59 | Age | Feudal Age |
| 9:59 | Research | Man-at-Arms (upgrade) |
| 10:01 | Research | Horse Collar |
| 10:01 | Research | Horse Collar |
| 10:15 | Build | Palisade Wall |
| 10:31 | Build | Watch Tower |
| 10:37 | Create | Villager (Male) |
| 10:42 | Build | Palisade Wall |
| 10:49 | Build | Farm |
| 11:12 | Create | Villager (Male) |
| 11:26 | Build | Farm |
| 11:35 | Create | Villager (Male) |
| 11:50 | Build | Farm |
| 11:52 | Build | Farm |
| 11:53 | Create | Villager (Male) |
| 12:28 | Create | Villager (Male) |
| 12:32 | Build | House |
| 12:38 | Build | Palisade Gate |
| 12:51 | Create | Villager (Male) |
| 12:59 | Create | Villager (Male) |
| 13:12 | Build | Stable |
| 13:25 | Create | Villager (Male) |
| 13:28 | Build | Farm |
| 13:33 | Build | House |
| 13:51 | Build | Watch Tower |
| 13:54 | Build | Palisade Wall |
| 13:56 | Build | Palisade Wall |
| 14:07 | Create | Scout Cavalry |
| 14:07 | Create | Scout Cavalry |
| 14:09 | Build | House |
| 14:10 | Create | Villager (Male) |
| 14:28 | Build | Palisade Wall |
| 14:34 | Create | Villager (Male) |
| 14:40 | Build | Palisade Wall |
| 14:41 | Build | Palisade Wall |
| 14:42 | Build | Palisade Wall |
| 14:57 | Create | Scout Cavalry |
| 15:05 | Create | Villager (Male) |
| 15:41 | Build | Mill |
| 15:58 | Build | Palisade Wall |
| 16:07 | Build | Watch Tower |
| 16:26 | Build | Farm |
| 16:28 | Build | Farm |
| 16:47 | Create | Villager (Male) |
| 16:47 | Create | Villager (Male) |
| 17:03 | Build | Farm |
| 17:30 | Create | Scout Cavalry |
| 17:33 | Create | Villager (Male) |
| 17:36 | Build | Farm |
| 17:40 | Build | Farm |
| 17:50 | Build | House |
| 18:08 | Create | Villager (Male) |
| 18:13 | Build | Farm |
| 18:28 | Create | Scout Cavalry |
| 18:40 | Build | Palisade Wall |
| 18:43 | Build | Palisade Wall |
| 18:45 | Build | Palisade Wall |
| 18:46 | Build | Palisade Wall |
| 19:12 | Build | Palisade Wall |
| 19:13 | Build | Palisade Wall |
| 19:13 | Build | Palisade Wall |
| 19:13 | Build | Palisade Wall |
| 19:14 | Build | Palisade Wall |
| 19:16 | Create | Villager (Male) |
| 19:25 | Create | Villager (Male) |
| 19:52 | Create | Villager (Male) |
| 19:52 | Create | Villager (Male) |
| 19:57 | Build | Mill |
| 20:25 | Build | House |
| 20:34 | Build | Farm |
| 20:34 | Build | Farm |
| 20:35 | Build | Farm |
| 20:39 | Create | Scout Cavalry |
| 20:56 | Build | House |
| 20:58 | Create | Villager (Male) |
| 21:02 | Build | Mining Camp |
| 21:10 | Create | Scout Cavalry |
| 21:32 | Build | House |
| 21:39 | Build | Palisade Wall |
| 21:44 | Build | House |
| 21:47 | Create | Scout Cavalry |
| 21:48 | Create | Villager (Male) |
| 21:48 | Create | Villager (Male) |
| 22:04 | Build | Farm |
| 22:52 | Create | Villager (Male) |
| 22:52 | Create | Villager (Male) |
| 22:54 | Build | Mining Camp |
| 23:21 | Build | Farm |
| 23:26 | Build | Watch Tower |
| 23:50 | Build | Mining Camp |
| 24:12 | Create | Villager (Male) |
| 24:47 | Create | Villager (Male) |
| 24:51 | Build | Blacksmith |
| 25:14 | Research | Castle Age |
| 25:18 | Build | House |
| 26:57 | Research | Scale Barding Armor |
| 26:57 | Research | Scale Barding Armor |
| 26:59 | Research | Bloodlines |
| 27:13 | Build | Market |
| 27:54 | Create | Villager (Male) |
| 27:54 | Age | Castle Age |
| 28:20 | Build | Town Center |
| 28:42 | Build | Palisade Wall |
| 28:46 | Build | House |
| 28:48 | Build | House |
Build order — Tim_Boww
First 150 of 158 actions detected
| 0:00 | Create | Villager (Male) |
| 0:01 | Create | Villager (Male) |
| 0:02 | Build | House |
| 0:03 | Build | House |
| 0:10 | Research | Loom |
| 0:18 | Create | Villager (Male) |
| 0:32 | Create | Villager (Male) |
| 1:23 | Create | Villager (Male) |
| 1:54 | Build | Lumber Camp |
| 1:59 | Create | Villager (Male) |
| 2:18 | Create | Villager (Male) |
| 2:52 | Create | Villager (Male) |
| 3:15 | Create | Villager (Male) |
| 3:42 | Create | Villager (Male) |
| 3:54 | Build | House |
| 4:07 | Create | Villager (Male) |
| 4:31 | Create | Villager (Male) |
| 4:49 | Create | Villager (Male) |
| 5:26 | Create | Villager (Male) |
| 5:30 | Build | Barracks |
| 5:37 | Create | Villager (Male) |
| 5:47 | Create | Villager (Male) |
| 5:52 | Build | House |
| 6:52 | Research | Feudal Age |
| 7:23 | Build | Mining Camp |
| 7:25 | Create | Militia |
| 7:26 | Create | Militia |
| 7:41 | Build | House |
| 7:53 | Create | Militia |
| 8:18 | Create | Militia |
| 8:27 | Build | Mill |
| 8:45 | Create | Villager (Male) |
| 9:02 | Age | Feudal Age |
| 9:14 | Research | Man-at-Arms (upgrade) |
| 9:24 | Create | Villager (Male) |
| 9:37 | Build | Archery Range |
| 9:39 | Create | Villager (Male) |
| 9:44 | Build | House |
| 10:18 | Research | Double-Bit Axe |
| 10:19 | Create | Villager (Male) |
| 10:25 | Build | Palisade Wall |
| 10:29 | Build | Palisade Wall |
| 10:34 | Build | Palisade Wall |
| 10:36 | Build | Palisade Wall |
| 10:58 | Research | Horse Collar |
| 11:00 | Create | Archer |
| 11:07 | Build | House |
| 11:10 | Build | House |
| 11:16 | Build | Farm |
| 11:33 | Build | Farm |
| 11:39 | Build | Farm |
| 11:41 | Create | Archer |
| 11:54 | Build | Farm |
| 11:57 | Build | Farm |
| 12:10 | Create | Archer |
| 12:12 | Create | Villager (Male) |
| 12:33 | Build | Farm |
| 12:35 | Build | Farm |
| 12:38 | Build | Farm |
| 12:57 | Create | Villager (Male) |
| 13:03 | Build | Farm |
| 13:10 | Build | Farm |
| 13:21 | Create | Villager (Male) |
| 14:15 | Create | Villager (Male) |
| 14:18 | Create | Villager (Male) |
| 14:24 | Build | Mining Camp |
| 14:25 | Create | Villager (Male) |
| 14:33 | Create | Villager (Male) |
| 14:40 | Build | Watch Tower |
| 15:01 | Create | Villager (Male) |
| 15:04 | Build | House |
| 15:06 | Build | House |
| 15:08 | Build | House |
| 15:11 | Build | House |
| 15:25 | Create | Villager (Male) |
| 15:36 | Create | Villager (Male) |
| 15:56 | Build | Lumber Camp |
| 16:01 | Create | Villager (Male) |
| 16:06 | Build | Watch Tower |
| 16:19 | Create | Villager (Male) |
| 17:00 | Build | Blacksmith |
| 17:06 | Create | Villager (Male) |
| 17:33 | Create | Villager (Male) |
| 17:46 | Build | Lumber Camp |
| 17:48 | Create | Villager (Male) |
| 17:50 | Research | Fletching |
| 18:09 | Create | Villager (Male) |
| 18:31 | Create | Villager (Male) |
| 18:52 | Create | Villager (Male) |
| 19:03 | Create | Villager (Male) |
| 19:21 | Create | Villager (Male) |
| 19:31 | Build | Watch Tower |
| 19:36 | Build | House |
| 19:39 | Build | House |
| 19:52 | Build | Barracks |
| 19:59 | Build | House |
| 20:00 | Build | Palisade Wall |
| 20:05 | Build | House |
| 20:06 | Build | House |
| 21:06 | Create | Spearman |
| 21:10 | Build | Market |
| 21:35 | Create | Villager (Male) |
| 21:46 | Build | House |
| 21:47 | Build | House |
| 22:08 | Research | Castle Age |
| 22:31 | Create | Spearman |
| 22:39 | Build | Palisade Wall |
| 22:51 | Research | Scale Mail Armor |
| 22:53 | Create | Spearman |
| 22:55 | Build | Palisade Wall |
| 22:57 | Build | Palisade Wall |
| 23:03 | Create | Villager (Male) |
| 23:12 | Create | Spearman |
| 23:16 | Create | Spearman |
| 23:31 | Create | Spearman |
| 23:40 | Create | Villager (Male) |
| 23:42 | Build | Barracks |
| 24:03 | Create | Militia |
| 24:24 | Create | Militia |
| 24:27 | Build | Barracks |
| 24:29 | Research | Gold Mining |
| 24:41 | Create | Militia |
| 24:48 | Age | Castle Age |
| 24:55 | Build | Farm |
| 24:58 | Research | Long Swordsman (upgrade) |
| 25:00 | Create | Villager (Male) |
| 25:04 | Create | Militia |
| 25:15 | Build | House |
| 25:26 | Build | Farm |
| 25:27 | Create | Militia |
| 25:35 | Build | Farm |
| 25:51 | Build | House |
| 25:57 | Create | Villager (Male) |
| 26:04 | Create | Militia |
| 26:08 | Research | Chain Mail Armor |
| 26:09 | Create | Militia |
| 26:10 | Research | Squires |
| 26:10 | Create | Militia |
| 26:11 | Create | Militia |
| 26:12 | Create | Villager (Male) |
| 26:13 | Build | Farm |
| 26:27 | Create | Militia |
| 26:28 | Create | Militia |
| 26:38 | Create | Militia |
| 26:41 | Create | Militia |
| 26:59 | Build | Siege Workshop |
| 27:00 | Create | Militia |
| 27:15 | Build | Palisade Wall |
| 27:21 | Create | Villager (Male) |
| 27:41 | Create | Villager (Male) |
Match timeline
| 5:30 | Tim_Boww · first_building Barracks |
| 6:33 | Jaco · first_building Barracks |
| 9:02 | Tim_Boww · age_up feudal |
| 9:07 | Jaco · wall_segment Palisade Wall x1 |
| 9:10 | Jaco · wall_segment Palisade Wall x1 |
| 9:10 | Jaco · wall_segment Palisade Wall x1 |
| 9:37 | Tim_Boww · first_building Archery Range |
| 9:59 | Jaco · age_up feudal |
| 10:15 | Jaco · wall_segment Palisade Wall x1 |
| 10:25 | Tim_Boww · wall_segment Palisade Wall x1 |
| 10:29 | Tim_Boww · wall_segment Palisade Wall x2 |
| 10:34 | Tim_Boww · wall_segment Palisade Wall x1 |
| 10:36 | Tim_Boww · wall_segment Palisade Wall x1 |
| 10:42 | Jaco · wall_segment Palisade Wall x1 |
| 13:12 | Jaco · first_building Stable |
| 13:54 | Jaco · wall_segment Palisade Wall x1 |
| 13:56 | Jaco · wall_segment Palisade Wall x1 |
| 14:28 | Jaco · wall_segment Palisade Wall x1 |
| 14:40 | Jaco · wall_segment Palisade Wall x1 |
| 14:41 | Jaco · wall_segment Palisade Wall x1 |
| 14:42 | Jaco · wall_segment Palisade Wall x1 |
| 15:58 | Jaco · wall_segment Palisade Wall x1 |
| 18:40 | Jaco · wall_segment Palisade Wall x1 |
| 18:43 | Jaco · wall_segment Palisade Wall x1 |
| 18:45 | Jaco · wall_segment Palisade Wall x1 |
| 18:46 | Jaco · wall_segment Palisade Wall x1 |
| 19:12 | Jaco · wall_segment Palisade Wall x1 |
| 19:13 | Jaco · wall_segment Palisade Wall x1 |
| 19:13 | Jaco · wall_segment Palisade Wall x2 |
| 19:13 | Jaco · wall_segment Palisade Wall x1 |
| 19:14 | Jaco · wall_segment Palisade Wall x1 |
| 20:00 | Tim_Boww · wall_segment Palisade Wall x1 |
| 21:39 | Jaco · wall_segment Palisade Wall x1 |
| 22:05 | Tim_Boww · first_market_buy 100 food |
| 22:39 | Tim_Boww · wall_segment Palisade Wall x1 |
| 22:55 | Tim_Boww · wall_segment Palisade Wall x1 |
| 22:57 | Tim_Boww · wall_segment Palisade Wall x1 |
| 24:48 | Tim_Boww · age_up castle |
| 26:59 | Tim_Boww · first_building Siege Workshop |
| 27:15 | Tim_Boww · wall_segment Palisade Wall x1 |
| 27:50 | Tim_Boww · first_market_sell 100 wood |
| 27:54 | Jaco · age_up castle |
| 28:01 | Jaco · first_market_buy 100 stone |
| 28:42 | Jaco · wall_segment Palisade Wall x1 |
| 28:57 | Jaco · resign |
[ AI ANALYSIS · 1 CREDIT ]
What really happened in this match?
Wolo.gg analyzes every decision: build order, eco, micro, common mistakes by bracket. Personalized analysis on WhatsApp or Discord in 30 seconds.
Civ guide
Poles
Perfil
Jugador #1470140